 Dungeon Crawl Stone Soup version bcrawl-1.27.6 (webtiles) character file.

Game seed: 6590447990543328397

396284 Faustar the Geomancer (level 14, -8/121 HPs)
             Began as a Grey Draconian Conjurer on Sept 23, 2020.
             Was an Elder of Vehumet.
             Shot with an arrow by Nessos (11 damage)
             ... on level 6 of the Lair of Beasts on Sept 24, 2020.
             The game lasted 01:21:39 (22245 turns).

Faustar the Geomancer (Grey Draconian Conjurer)    Turns: 22245, Time: 01:21:40

Health: -8/121     AC: 19    Str: 10    XL:     14   Next: 28%
Magic:  3/28       EV: 19    Int: 20    God:    Vehumet [****..]
Gold:   1180       SH:  0    Dex: 13    Spells: 24/34 levels left

rFire    . . .     SeeInvis +   H - staff of wizardry
rCold    . . .     Gourm    +   (no shield)
rNeg     . . .     Faith    .   (armour unavailable)
rPois    +         Spirit   .   K - +1 hat {SInv}
rElec    .         Reflect  .   b - +0 cloak
rCorr    .         Harm     .   D - +0 pair of gloves
MR       ++...                  s - +2 pair of boots
Stlth    ++........             C - amulet of the gourmand
HPRegen  0.30/turn              O - ring of protection from magic
MPRegen  0.21/turn              F - ring of poison resistance

@: lethally poisoned (-8 -> -10), lightly drained
A: walk through water, unfitting armour, unbreathing, cold-blooded, AC +13
a: Renounce Religion


You were on level 6 of the Lair of Beasts.
You worshipped Vehumet.
Vehumet was greatly pleased with you.
You were full.

You visited 3 branches of the dungeon, and saw 18 of its levels.

You collected 1257 gold pieces.
You spent 77 gold pieces at shops.

Inventory:

Hand Weapons
 V - a +4 dagger of protection
Missiles
 o - 4 throwing nets {=f}
Armour
 b - a +0 cloak (worn)
 s - a +2 pair of boots (worn)
 D - a +0 pair of gloves (worn)
 K - a +1 hat of see invisible (worn)
Magical Staves
 H - an uncursed staff of wizardry (weapon)
Jewellery
 i - an uncursed ring of wizardry
 l - an uncursed ring of protection from cold
 z - an uncursed ring of protection from fire
 C - an amulet of the gourmand (around neck)
 F - a ring of poison resistance (right hand)
 O - a ring of protection from magic (left hand)
Wands
 r - a wand of iceblast (7)
 x - a wand of scattershot (8)
 y - a wand of acid (1)
 B - a wand of digging (9)
 Q - a wand of enslavement (6)
Scrolls
 c - 4 scrolls of remove curse
 d - 11 scrolls of teleportation
 f - 6 scrolls of identify
 g - 6 scrolls of amnesia
 h - 3 scrolls of vulnerability
 j - 4 scrolls of enchant weapon
 n - 2 scrolls of blinking
 q - 3 scrolls of enchant armour
 t - 6 scrolls of fog
 u - a scroll of magic mapping
 M - a scroll of brand weapon
Potions
 k - 4 potions of lignification
 m - 6 potions of curing
 p - 4 potions of agility
 v - 2 potions of flight
 w - 2 potions of resistance
 A - 2 potions of invisibility
 G - a potion of might
 I - 3 potions of heal wounds
 J - a potion of haste
 P - a potion of magic
 R - a potion of berserk rage {unknown}
 S - 2 potions of brilliance {unknown}
 T - a potion of ambrosia {unknown}
Miscellaneous
 E - a lamp of fire
 L - a box of beasts
 N - a phantom mirror
Comestibles
 e - 29 rations {!d}


   Skills:
 - Level 10.0(9.7) Fighting
 + Level 11.9(11.7) Dodging
 - Level 2.0(1.8) Stealth
 - Level 10.6(10.3) Spellcasting
 - Level 11.9(11.6) Conjurations
 - Level 6.0(5.7) Hexes
 - Level 12.0(11.7) Earth Magic


You had 24 spell levels left.
You knew the following spells:

 Your Spells              Type           Power        Failure   Level  Hunger
a - Magic Dart            Conj           ####         1%          1    None
b - Searing Ray           Conj           ######..     1%          2    None
c - Fulminant Prism       Conj/Hex       #####.....   1%          4    None
d - Stone Arrow           Conj/Erth      ######       1%          3    None

Your spell library contained the following spells:

 Spells                   Type           Power        Failure   Level  Hunger
 Sticky Flame             Conj/Fire      ####....     1%          4    None
 Iskenderun's Mystic Bla  Conj           ######..     1%          3    None
 Irradiate                Conj/Tmut      ####......   1%          5    ####...


Dungeon Overview and Level Annotations

Branches:
Dungeon (11/12)            Temple (1/1) D:4            Lair (6/6) D:8
 Shoals (0/3) Lair:2       Spider (0/3) Lair:4        Slime (0/5) Lair:6
    Orc: D:8-11      Vaults: D:11-12

Altars:
Ashenzari
Cheibriados
Dithmenos
Elyvilon
Fedhas
Gozag
Hepliaklqana
Kikubaaqudgha
Lugonu
Makhleb
Nemelex Xobeh
Okawaru
Qazlal
Ru
Sif Muna
Trog
Uskayaw
Vehumet
Wu Jian
Xom
Yredelemnul
Zin
The Shining One
Jiyva

Shops:
D:5 ?

Annotations:
D:5 exclusion: hydra
D:8 3 runed translucent doors, yrara's ghost, novice DsFi
Lair:4 1 runed translucent door, Glundar's ghost, journeyman TrMA
Lair:6 Nessos


Innate Abilities, Weirdness & Mutations

You can walk through water.
Your dull iron-grey scales are very hard. (AC +13)
You cannot fit into any form of body armour.
You can survive without breathing.
You are cold-blooded and may be slowed by cold attacks.


Message History

Nessos drinks a potion.
Nessos is healed!
Your fulminant prism explodes!
The blast of energy engulfs the bush!!
The bush is lightly damaged.
Casting: Fulminant Prism (safe; 1% risk of failure)
Confirm with . or Enter, or press ? or * to list all spells.
You can't see any susceptible monsters within range! (Use Z to cast anyway.)
You feel sick.
Nessos shoots an arrow.
The arrow hits you.
Your fulminant prism crackles loudly.
Casting: Fulminant Prism (safe; 1% risk of failure)
Confirm with . or Enter, or press ? or * to list all spells.
Aiming: Fulminant Prism (safe; 1% risk of failure)
Press: ? - help, Dir - move target cursor You conjure a prism of explosive energy!
You feel sick.
Nessos shoots an arrow.
The arrow hits you! The arrow burns you.
* * * LOW HITPOINT WARNING * * *
Nessos shoots an arrow.
The arrow hits you!!
* * * LOW HITPOINT WARNING * * *
The arrow burns you!
You die...

..........#.............#
...P...<[..............# #..
...PP.................## . ......
....PP...#.......#....## #..#...#
..........##...........###.##...#
........#.##....###....##........
...PP....#.P.....###.##..........
....P............##.8.#....#÷8.8.
...PP...........@............†...
....#............#8.<(.'......<..
.................#.....#..#......
...........P..*..##.8.##..#..8.8.
..###.#...PPP.....##### #..#.....
.#.##....)##....c*.... #........
..#....#P.#............ #........
......................P .#..##.##
.P##P.................# ##. ....


You could see Nessos and 2 friendly fulminant prisms.

Vanquished Creatures
  Gastronok (Lair:3)
  7 hydras
  An anaconda (Lair:6)
  Psyche (D:10)
  2 two-headed ogres (D:10)
  Nergalle (D:10)
  A deep elf mage (D:8)
  2 manticores
  A centaur zombie (D:8)
  An elephant (D:8)
  2 torpor snails
  5 black mambas
  3 centaur skeletons
  Joseph (D:10)
  Maurice (D:10)
  A water nymph (Lair:2)
  16 cane toads
  6 komodo dragons
  10 rime drakes
  A meliai (shapeshifter) (D:9)
  3 trolls
  A polar bear (Lair:6)
  Prince Ribbit (Lair:2)
  20 hippogriffs
  6 slime creatures (D:10)
  10 blink frogs
  3 dream sheep (Lair:4)
  Sigmund (D:6)
  3 redbacks (Lair:4)
  8 wyverns
  2 spriggans
  2 water elementals (Lair:2)
  30 yaks
  Eustachio (D:6)
  2 hungry ghosts
  9 basilisks
  2 steam dragons (D:9)
  Menkaure (D:5)
  A soldier ant (D:9)
  11 crocodiles
  6 porcupines
  7 water moccasins
  An ice beast (D:10)
  A swamp drake (D:8)
  4 sky beasts
  An orc warrior (D:7)
  2 phantoms
  5 ogres
  29 wolves
  A boggart (Lair:6)
  9 centaurs
  11 bullfrogs
  A big kobold (D:10)
  Blork the orc (D:6)
  A wyvern skeleton (D:8)
  2 scorpions
  An electric eel (Lair:4)
  5 wights (D:8)
  2 howler monkeys
  8 crimson imps
  7 hounds
  A lava snake (D:7)
  A quasit (D:10)
  A bullfrog zombie (D:6)
  4 jellies
  7 orc priests
  2 orc wizards
  2 bullfrog skeletons (D:6)
  An iguana (D:7)
  11 worker ants
  A hound skeleton (D:4)
  2 howler monkey skeletons
  3 gnolls (D:6)
  9 adders
  3 shadow imps
  An ooze (D:1)
  2 adder skeletons
  2 adder zombies (D:6)
  3 worms
  3 dart slugs
  4 leopard geckos
  23 orcs
  3 giant cockroaches
  2 goblins
  9 hobgoblins
  10 jackals
  A quokka (D:4)
  A ball python (D:1)
  5 bats
  5 frilled lizards
  A jackal skeleton (D:3)
  18 kobolds
  A quokka skeleton (D:4)
  7 rats
  A fulminant prism (D:8)
  3 fungi
439 creatures vanquished.

Vanquished Creatures (collateral kills)
  A hydra (Lair:6)
1 creature vanquished.

Vanquished Creatures (others)
  A bush (Lair:4)
  161 fulminant prisms
  13 fungi
  11 plants
186 creatures vanquished.

Grand Total: 626 creatures vanquished

Notes
Turn   | Place    | Note
-------+----------+-------------------------------------------
     0 | D:1      | Faustar the Draconian Conjurer began the quest for the Orb.
     0 | D:1      | Reached XP level 1. HP: 14/14 MP: 3/3
    88 | D:1      | Reached XP level 2. HP: 17/20 MP: 1/5
   408 | D:1      | Reached XP level 3. HP: 26/26 MP: 5/7
   481 | D:1      | Learned a level 2 spell: Searing Ray
  1317 | D:2      | Found a shadowy altar of Dithmenos.
  1328 | D:2      | Found a basalt altar of Yredelemnul.
  1332 | D:2      | Found a hazy altar of Hepliaklqana.
  1799 | D:3      | Reached XP level 4. HP: 33/33 MP: 8/8
  1921 | D:3      | Reached skill level 5 in Conjurations
  2100 | D:3      | Noticed an ogre
  2527 | D:3      | Reached XP level 5. HP: 25/38 MP: 2/10
  3002 | D:3      | Noticed an ogre
  3012 | D:3      | Killed an ogre
  3097 | D:3      | Found a corrupted altar of Lugonu.
  3184 | D:3      | Found a stormy altar of Qazlal.
  3268 | D:4      | Learned a level 4 spell: Fulminant Prism
  3290 | D:4      | Noticed a hippogriff
  3312 | D:3      | Reached XP level 6. HP: 20/45 MP: 7/12
  3326 | D:3      | Killed a hippogriff
  3326 | D:3      | Reached skill level 5 in Spellcasting
  3497 | D:3      | Your scales start taking on a dull iron-grey colour.
  3497 | D:3      | Reached XP level 7. HP: 50/50 MP: 4/14
  3497 | D:3      | Gained mutation: You can survive without breathing. [Grey
                  | Draconian growth]
  3995 | D:4      | Found a staircase to the Ecumenical Temple.
  4019 | Temple   | Entered the Ecumenical Temple
  4085 | Temple   | Became a worshipper of Vehumet
  4280 | D:5      | Entered Level 5 of the Dungeon
  4322 | D:5      | Reached skill level 1 in Hexes
  4479 | D:5      | Noticed a six-headed hydra
  4793 | D:5      | Found Nano's Magic Scroll Boutique.
  4810 | D:5      | Bought a scroll of amnesia for 49 gold pieces
  4810 | D:5      | Bought a scroll of fog for 28 gold pieces
  4925 | D:5      | Noticed Menkaure
  4931 | D:5      | Killed Menkaure
  5694 | D:6      | Reached skill level 1 in Fighting
  5694 | D:6      | Reached XP level 8. HP: 55/59 MP: 11/16
  5726 | D:6      | Noticed Blork the orc
  5732 | D:6      | Killed Blork the orc
  6091 | D:6      | Reached skill level 5 in Fighting
  6196 | D:6      | Reached * piety under Vehumet
  6196 | D:6      | Offered knowledge of Sting by Vehumet.
  6198 | D:6      | Noticed Sigmund
  6209 | D:6      | Killed Sigmund
  6375 | D:6      | Reached XP level 9. HP: 43/74 MP: 4/18
  6694 | D:6      | Noticed Eustachio
  6723 | D:6      | Killed Eustachio
  7231 | D:7      | Noticed a troll
  7241 | D:7      | Killed a troll
  7921 | D:7      | Reached ** piety under Vehumet
  8007 | D:7      | Offered knowledge of Throw Frost by Vehumet.
  8464 | D:8      | Reached XP level 10. HP: 43/81 MP: 4/22
  8472 | D:8      | Reached skill level 10 in Conjurations
  8690 | D:8      | Noticed a deep elf mage
  8701 | D:8      | Killed a deep elf mage
  9288 | D:8      | Reached skill level 10 in Spellcasting
  9376 | D:8      | Found a staircase to the Lair.
  9511 | D:8      | Found a runed translucent gate.
  9511 | D:8      | Found a runed translucent gate.
  9511 | D:8      | Found a runed translucent gate.
  9511 | D:8      | Noticed yrara's ghost (novice DsFi)
  9871 | Lair:1   | Entered Level 1 of the Lair of Beasts
  9907 | Lair:1   | Offered knowledge of Conjure Flame by Vehumet.
  9911 | Lair:1   | Noticed a black mamba
  9918 | Lair:1   | Identified a scroll of acquirement
  9918 | Lair:1   | Identified the +4 medium shield "Guan" {rPois} (You
                  | acquired it on level 1 of the Lair of Beasts)
  9918 | Lair:1   | Identified the amulet of Adoi {Regen rN+} (You acquired it
                  | on level 1 of the Lair of Beasts)
  9918 | Lair:1   | Identified the Catalogue of Heat (You acquired it on level
                  | 1 of the Lair of Beasts)
 10102 | Lair:1   | Noticed a cane toad
 10110 | Lair:1   | Reached *** piety under Vehumet
 10112 | Lair:1   | Reached XP level 11. HP: 80/86 MP: 19/25
 10476 | Lair:1   | Noticed a seven-headed hydra
 10485 | Lair:1   | Killed a seven-headed hydra
 10531 | Lair:1   | Offered knowledge of Airstrike by Vehumet.
 10660 | Lair:1   | Reached skill level 5 in Hexes
 10981 | D:8      | Reached skill level 5 in Dodging
 11606 | Lair:2   | Noticed Prince Ribbit
 11628 | Lair:2   | Killed Prince Ribbit
 11661 | Lair:1   | Reached **** piety under Vehumet
 12084 | Lair:2   | Reached XP level 12. HP: 100/100 MP: 11/26
 12306 | Lair:2   | Found a staircase to the Shoals.
 13301 | Lair:3   | Noticed Gastronok
 13324 | Lair:3   | Killed Gastronok
 13721 | Lair:3   | Found a burning altar of Makhleb.
 13798 | Lair:4   | Found a runed translucent door.
 13803 | Lair:4   | Reached skill level 10 in Dodging
 13884 | Lair:4   | Offered knowledge of Stone Arrow by Vehumet.
 13889 | Lair:4   | Learned a level 3 spell: Stone Arrow
 13921 | Lair:4   | Found an ornate altar of the Wu Jian Council.
 13931 | Lair:4   | Reached skill level 1 in Earth Magic
 13942 | Lair:4   | Reached skill level 2 in Earth Magic
 13960 | Lair:4   | Reached skill level 3 in Earth Magic
 14072 | Lair:4   | Reached skill level 4 in Earth Magic
 14218 | Lair:4   | Reached skill level 5 in Earth Magic
 14340 | Lair:4   | Reached skill level 6 in Earth Magic
 14524 | Lair:4   | Reached XP level 13. HP: 107/107 MP: 23/27
 14576 | Lair:4   | Found a hole to the Spider Nest.
 14600 | Lair:4   | Reached skill level 7 in Earth Magic
 14942 | Lair:4   | Reached skill level 8 in Earth Magic
 15103 | Lair:4   | Reached skill level 9 in Earth Magic
 15578 | Lair:4   | Noticed Glundar's ghost (journeyman TrMA)
 15685 | Lair:4   | Found an ornate altar of the Wu Jian Council.
 15747 | Lair:4   | Found a hole to the Spider Nest.
 15981 | Lair:4   | Found a runed translucent door.
 16310 | Lair:4   | Reached skill level 10 in Earth Magic
 16607 | Lair:5   | Reached skill level 11 in Earth Magic
 17697 | Lair:6   | Entered Level 6 of the Lair of Beasts
 17783 | Lair:6   | Found a staircase to the Slime Pits.
 17783 | Lair:6   | Found a viscous altar of Jiyva.
 17806 | Lair:6   | Reached ***** piety under Vehumet
 17854 | Lair:6   | Offered knowledge of Sticky Flame by Vehumet.
 18022 | Lair:6   | Reached skill level 12 in Earth Magic
 18430 | Lair:6   | Noticed Nessos
 19757 | D:9      | Found a hide-covered altar of Uskayaw.
 19757 | D:9      | Found a glowing silver altar of Zin.
 19762 | D:9      | Found a faded altar of an unknown god.
 19781 | D:9      | Found a stormy altar of Qazlal.
 19792 | D:9      | Found a glowing golden altar of the Shining One.
 20029 | D:9      | Reached XP level 14. HP: 100/119 MP: 11/28
 20528 | D:10     | Entered Level 10 of the Dungeon
 20625 | D:10     | Noticed Psyche
 20631 | D:10     | Killed Psyche
 20685 | D:10     | Reached skill level 10 in Fighting
 20949 | D:10     | Noticed Joseph
 20953 | D:10     | Killed Joseph
 21204 | D:10     | Noticed Maurice
 21216 | D:10     | Killed Maurice
 21572 | D:10     | Noticed Nergalle
 21654 | D:10     | Killed Nergalle
 22245 | Lair:6   | HP: 3/121 [Nessos/arrow (31)]
 22245 | Lair:6   | Shot with an arrow by Nessos

Skill      XL: |  1  2  3  4  5  6  7  8  9 10 11 12 13 14 |
---------------+-------------------------------------------+-----
Spellcasting   | 3 4 5 6 8 10 | 10.6
Conjurations   | 5 6 8 9 11 | 11.9
Hexes          | 4 6 |  6.0
Fighting       | 1 5 7 8 9 10 | 10.0
Dodging        | 6 10 11 | 11.9
Earth Magic    | 6 12 | 12.0
Stealth        | |  2.0

Action                   |  1- 3 |  4- 6 |  7- 9 | 10-12 | 13-15 || total
-------------------------+-------+-------+-------+-------+-------++-------
Melee: Unarmed           |     8 |       |       |       |       ||     8
       Mace              |    54 |    31 |   108 |    24 |       ||   217
       Tailslap          |     2 |     5 |    16 |     6 |       ||    29
       Staff             |       |       |       |     3 |    29 ||    32
 Cast: Magic Dart        |    40 |    30 |    72 |    95 |    77 ||   314
       Searing Ray       |     2 |     9 |    36 |    94 |    27 ||   168
       Fulminant Prism   |       |     3 |    29 |    55 |    78 ||   165
       Stone Arrow       |       |       |       |     2 |   208 ||   210
Evoke: Wand              |       |       |       |    13 |    10 ||    23
  Use: Potion            |       |     4 |       |     5 |     2 ||    11
       Scroll            |       |       |     3 |     6 |     8 ||    17
 Stab: Sleeping          |     4 |       |     2 |       |       ||     6
  Eat: Chunk             |     6 |     8 |    24 |    36 |    32 ||   106
       Ration            |       |       |     1 |       |     1 ||     2
Armor: Skin              |    17 |    32 |   112 |   151 |    99 ||   411
Dodge: Dodged            |    36 |    33 |   112 |   290 |   166 ||   637
